 Dungeon Crawl Stone Soup version 0.31-a0-175-g9f7f995f2b (webtiles) character file.

Game seed: 12751261512411161051

208 qw the Shooter (level 5, -10/33 HPs)
             Began as a Gargoyle Hunter on June 16, 2023.
             Mangled by an ogre
             ... wielding a +0 giant spiked club
              (14 damage)
             ... on level 4 of the Dungeon.
             The game lasted 00:00:56 (2778 turns).

qw the Shooter (Gargoyle Hunter)                    Turns: 2778, Time: 00:00:56

Health: -10/33     AC: 11    Str: 14    XL:     5   Next: 86%
Magic:  5/5        EV: 11    Int: 10    God:
Gold:   232        SH:  0    Dex: 15    Spells: 4/4 levels left

rFire   . . .        Y - +0 shortbow
rCold   . . .        (shield currently unavailable)
rNeg    + . .        g - +0 ring mail
rPois   inf          (no helmet)
rElec   +            h - +0 cloak
rCorr   .            (no gloves)
SInv    .            b - +0 pair of boots
Will    .....        (no amulet)
Stlth   +            (no ring)
HPRegen 0.25/turn    (no ring)
MPRegen 0.09/turn

%: no passive effects
@: about to teleport
A: sickness immunity, AC +4, negative energy resistance 1, electricity
resistance, torment resistance 1, petrification resistance
a: no special abilities


You were on level 4 of the Dungeon.
You visited 1 branch of the dungeon, and saw 4 of its levels.

You collected 232 gold pieces.


Innate Abilities, Weirdness & Mutations

You are immune to sickness and miasma.
Your stone body is resilient. (AC +4)
You are immune to poison.
You resist negative energy. (rN+)
You are resistant to electric shocks. (rElec)
You are resistant to unholy torment.
You are immune to petrification.


   Skills:
 + Level 3.7 Fighting
 - Level 6.0 Ranged Weapons
 - Level 1.3 Armour
 - Level 1.5 Dodging
 - Level 1.1 Stealth


You had 4 spell levels left.
You didn't know any spells.
Your spell library was empty.

Inventory:

Hand Weapons
 Y - a +0 shortbow (weapon)
Armour
 b - a +0 pair of boots (worn)
 g - a +0 ring mail (worn)
 h - a +0 cloak (worn)
Scrolls
 e - 2 scrolls of identify
 i - a scroll of poison {unknown}
Potions
 c - 2 potions of heal wounds
 d - a potion of might
 f - a potion of magic
 j - a potion of cancellation {unknown}
 k - a potion of degeneration {unknown}
 l - a potion of brilliance {unknown}

Dungeon Overview and Level Annotations

Branches:
Dungeon (4/15)             Temple (0/1) D:4

Altars:
Cheibriados
Qazlal
Trog
The Shining One

Shops:
D:4 ?


Message History

Enter note:
Enter note:
Enter note:
Enter note:
Enter note:
Enter note:
Enter note:
Enter note:
Enter note:
Enter note:
Enter note:
Enter note:
There is an open door here.
An ogre comes into view. It is wielding a +0 giant spiked club.
The ogre shouts!
Enter note:
Enter note:
Enter note:
Enter note:
Enter note:
Enter note:
Enter note:
Enter note:
Enter note:
Enter note:
Enter note:
Enter note: You shoot an arrow.
The arrow hits the ogre.
The ogre is lightly wounded.
The ogre barely misses you.
You shoot an arrow. The arrow barely misses the ogre.
You shoot an arrow. The arrow hits the ogre!
The ogre is moderately wounded.
The ogre hits you with a +0 giant spiked club!!
Ouch! That really hurt!
2778 ||| READING scroll of teleportation.
As you read the scroll of teleportation, it crumbles to dust.
You feel strangely unstable.
The ogre hits you with a +0 giant spiked club!
You die...

#.....#### #. ##+#.....#
#.########.#.#####
#.#..............#
#.#.######.#.##### #.#.#
#.#.#...# #.#.#
#.#.#...#
##O#.######.#.#...#
#..@........#.+...#
#...#####.....#...##
#...+.........'.....
#...#####.....#.....
#...# #.....######
########################
#.......................
#.######################
#.# #.......#.....####


You could see an ogre.

Vanquished Creatures
  A scorpion (D:4)
  A hound (D:4)
  7 adders
  2 dart slugs
  2 orcs
  8 endoplasms
  3 giant cockroaches
  2 goblins
  5 hobgoblins
  6 ball pythons
  7 bats
  A frilled lizard (D:1)
  8 kobolds
  4 rats
57 creatures vanquished.

Notes
Turn   | Place    | Note
-------+----------+-------------------------------------------
     0 | D:1      | qw the Gargoyle Hunter began the quest for the Orb.
     0 | D:1      | Reached XP level 1. HP: 12/12 MP: 1/1
     0 | D:1      | 0 ||| qw: Version: 0.2-a-29-g511e9b1
     0 | D:1      | 0 ||| qw: Game counter: 5727
     0 | D:1      | 0 ||| qw: Always use a shield: true
     0 | D:1      | 0 ||| qw: God list: Okawaru
     0 | D:1      | 0 ||| qw: Allow faded altars: false
     0 | D:1      | 0 ||| qw: Do Orc after D:15 true
     0 | D:1      | 0 ||| qw: Do second Lair branch before Depths: true
     0 | D:1      | 0 ||| qw: Lair rune preference: random
     0 | D:1      | 0 ||| qw: Plans: Normal, Zot:1-4, Slime:5, God:TSO, Crypt,
                  | Tomb, Abyss, Pan, Hells, Win
     0 | D:1      | 0 ||| PLANNING D:1-11
   115 | D:1      | Reached XP level 2. HP: 7/17 MP: 2/2
   515 | D:1      | 515 ||| UPGRADING to +0 ring mail.
   525 | D:1      | 525 ||| DROPPING +0 leather armour.
   526 | D:1      | 526 ||| UPGRADING to +0 cloak.
   531 | D:1      | 531 ||| READING scroll labelled WAETASHR SESIK.
   532 | D:1      | 532 ||| DROPPING scroll of butterflies.
   728 | D:2      | Reached skill level 1 in Armour
   728 | D:2      | Reached XP level 3. HP: 21/21 MP: 3/3
  1076 | D:2      | 1076 ||| READING scroll labelled QANERAUMIPH.
  1077 | D:2      | 1077 ||| READING scroll labelled LYVOGO ZYGE.
  1094 | D:2      | 1094 ||| READING scroll labelled UGUUXT JONNA.
  1095 | D:2      | 1095 ||| READING scroll labelled ISAUHIDUCI.
  1096 | D:2      | 1096 ||| DRINKING 2 dark potions.
  1131 | D:3      | Reached skill level 5 in Ranged Weapons
  1165 | D:3      | Reached XP level 4. HP: 27/27 MP: 4/4
  1214 | D:3      | Found a snail-covered altar of Cheibriados.
  1250 | D:3      | Found a bloodstained altar of Trog.
  1410 | D:3      | Reached skill level 3 in Fighting
  1969 | D:3      | 1969 ||| UPGRADING to +0 pair of boots.
  1974 | D:3      | 1974 ||| READING scroll labelled XUOCEBB PASH.
  1978 | D:3      | 1978 ||| DRINKING 2 green potions.
  1979 | D:3      | 1979 ||| READING 3 scrolls of identify.
  1979 | D:3      | 1979 ||| IDENTIFYING viscous yellow potion
  2150 | D:4      | Found a glowing golden altar of the Shining One.
  2152 | D:4      | Noticed an angel
  2189 | D:4      | Noticed a scorpion
  2199 | D:4      | Killed a scorpion
  2200 | D:4      | Reached skill level 6 in Ranged Weapons
  2200 | D:4      | Reached XP level 5. HP: 21/32 MP: 5/5
  2249 | D:4      | Found a stormy altar of Qazlal.
  2265 | D:4      | Found Peica's Magic Scroll Boutique.
  2355 | D:4      | Found a staircase to the Ecumenical Temple.
  2356 | D:4      | 2356 ||| PLANNING TEMPLE
  2774 | D:4      | Noticed an ogre
  2777 | D:4      | HP: 4/33 [ogre/+0 giant spiked club (29)]
  2778 | D:4      | 2778 ||| READING scroll of teleportation.
  2778 | D:4      | Mangled by an ogre

Levels and vault maps discovered:
D:1:      saegor_arrival_simple_d, layout_rooms, glass_columns_c
D:2:      layout_loops_ring, minmay_misc_feat_doors, kennysheep_nondescript
D:3:      layout_basic, mainiacjoe_overflow_two_lobes
D:4:      layout_basic, grunt_temple_overflow_holy_war, lemuel_crystal_altar,
          temple_pool_b, nicolae_take_the_stairs, minivault_14,
          serial_park_tiny_2

Skill      XL: |  1  2  3  4 |
---------------+-------------+-----
Armour         | 1 |  1.3
Ranged Weapons | 5 6 |  6.0
Fighting       | 3 |  3.7
Dodging        | |  1.5
Stealth        | |  1.1

Action                     |  1- 3 |  4- 6 || total
---------------------------+-------+-------++-------
   Fire: Shortbow          |    92 |   109 ||   201
    Use: Scroll            |     5 |     3 ||     8
         Potion            |     1 |     1 ||     2
 Armour: Leather armour    |     9 |       ||     9
         Ring mail         |     6 |    31 ||    37
  Dodge: Dodged            |    23 |    35 ||    58

Table legend:
 A = Non-vault XP
 B = Vault XP
 C = Vault XP percentage of total XP
 D = Non-vault monster count
 E = Vault monster count
 F = Vault count percentage of total count
                 A         B        C        D         E       F
            +---------+---------+-------+---------+---------+-------
      Total |     298 |       0 |   0.0 |      57 |       0 |   0.0
            +---------+---------+-------+---------+---------+-------
        D:1 |      26 |       0 |   0.0 |      18 |       0 |   0.0
        D:2 |      29 |       0 |   0.0 |      10 |       0 |   0.0
        D:3 |      53 |       0 |   0.0 |      12 |       0 |   0.0
        D:4 |     190 |       0 |   0.0 |      17 |       0 |   0.0
            +---------+---------+-------+---------+---------+-------
